 Dungeon Crawl Stone Soup version 0.29-a0-577-gafbf2c5d25 (webtiles) character file.

Game seed: 17119524823535853914

44 xian the Skirmisher (level 3, 0/33 HPs)
             Began as a Draconian Fighter on June 14, 2022.
             Slain by Jessica
             ... wielding a +0 spectral club
              (2 damage)
             ... on level 2 of the Dungeon.
             The game lasted 00:02:25 (1419 turns).

xian the Skirmisher (Draconian Fighter)             Turns: 1419, Time: 00:02:26

Health: 0/33       AC:  5    Str: 20    XL:     3   Next: 41%
Magic:  3/3        EV: 12    Int:  8    God:
Gold:   42         SH:  5    Dex: 10    Spells: 2/2 levels left

rFire   . . .      SeeInvis .   a - +0 long sword
rCold   . . .      Faith    .   b - +1 buckler
rNeg    . . .      Spirit   .   (body armour unavailable)
rPois   .          Reflect  .   (helmet restricted)
rElec   .          Harm     .   (no cloak)
rCorr   .          Rampage  .   (no gloves)
Will    .....                   (no boots)
Stlth   +.........              (no amulet)
HPRegen 0.11/turn               (no ring)
MPRegen 0.08/turn               (no ring)

@: mighty
A: AC +5, unfitting armour, cold-blooded
a: no special abilities


You were on level 2 of the Dungeon.
You visited 1 branch of the dungeon, and saw 2 of its levels.

You collected 42 gold pieces.

Inventory:

Hand Weapons
 a - a +0 long sword (weapon)
Armour
 b - a +1 buckler (worn)
Potions
 d - a potion of haste
 e - a potion of ambrosia {unknown}


   Skills:
 + Level 3.7 Fighting
 + Level 2.6 Long Blades
 + Level 3.1 Dodging
 + Level 0.1 Stealth
 + Level 3.2 Shields


You had 2 spell levels left.
You didn't know any spells.
Your spell library contained the following spells:

 Spells                   Type           Power      Damage    Failure   Level
 Cause Fear               Hex            0%         N/A       99%         4
 Dragon Form              Tmut           0%         N/A       100%        7
 Dragon's Call            Summ           0%         N/A       100%        9


Dungeon Overview and Level Annotations

Branches:
Dungeon (2/15)

Altars:

Annotations:
D:2 Jessica


Innate Abilities, Weirdness & Mutations

Your plain brown scales are hard. (AC +5)
You cannot fit into any form of body armour.
You are cold-blooded and may be slowed by cold attacks.


Message History

You barely miss the rat.
Your tail-slap misses the rat.
The rat twitches its whiskers.
The rat barely misses you. The kobold barely misses you.
You block the rat's attack.
You barely miss the rat. You block the kobold's attack.
The kobold attacks as you move away! The kobold closely misses you.
You hit Jessica.
Jessica is lightly wounded.
Jessica barely misses you. The rat bites you. The kobold closely misses you.
Jessica closely misses you.
You barely miss Jessica.
Jessica is lightly wounded.
Jessica closely misses you.
The rat twitches its whiskers.
The rat barely misses you.
The kobold hits you with a +0 short sword.
Jessica points at you and mumbles some strange words.
You resist with some effort. The rat bites you but does no damage.
You block the kobold's attack.
You feel very mighty all of a sudden. Jessica barely misses you.
Jessica mumbles some strange words.
Jessica blinks!
The rat closely misses you. The kobold hits you but does no damage.
Jessica casts a spell at you. You resist with some effort.
The rat barely misses you. The rat bites you.
The kobold hits you but does no damage.
You closely miss the rat.
Jessica points at you and mumbles some strange words.
You barely resist. The rat bites you. x2
* * * LOW HITPOINT WARNING * * *
The kobold hits you but does no damage.
You slash the rat!
You kill the rat!
The rat bites you.
* * * LOW HITPOINT WARNING * * *
The kobold hits you with a +0 short sword.
* * * LOW HITPOINT WARNING * * *
Jessica hits you with a +0 spectral club.
You die...

# . . #. ..
#.# #...
#..#######...#
#....Kr....#
#.†.@@.#
####†######
#....#
#######.####
.....>.<#
.......##
.......
.......
.......


You could see Jessica (fast), a kobold and a rat.

Vanquished Creatures
  An adder (D:2)
  A ball python (D:1)
  4 bats (D:1)
  8 endoplasms (D:1)
  5 giant cockroaches (D:1)
  A goblin (D:1)
  3 hobgoblins (D:1)
  A quokka (D:1)
  2 frilled lizards (D:1)
  A kobold (D:1)
  3 rats
30 creatures vanquished.

Notes
Turn   | Place    | Note
-------+----------+-------------------------------------------
     0 | D:1      | xian the Draconian Fighter began the quest for the Orb.
     0 | D:1      | Reached XP level 1. HP: 19/19 MP: 1/1
   147 | D:1      | Reached XP level 2. HP: 19/26 MP: 2/2
   496 | D:1      | Found a faded altar of an unknown god.
   973 | D:1      | Reached XP level 3. HP: 33/33 MP: 3/3
  1396 | D:2      | Noticed Jessica
  1419 | D:2      | Slain by Jessica

Illustrated notes

Levels and vault maps discovered:
D:1:      lightli_iron_boxes, layout_basic,
          shapermc_ecumenical_altar_starsandcircs, nrook_campfire
D:2:      layout_rooms, uniq_jessica

Skill      XL: |  1  2 |
---------------+-------+-----
Dodging        | 3 |  3.1
Fighting       | |  3.7
Long Blades    | |  2.6
Stealth        | |  0.1
Shields        | |  3.2

Action                   || total
-------------------------++-------
Melee: Long sword        ||    87
       Tailslap          ||    10
  Use: Scroll            ||     3
       Potion            ||     1
 Stab: Sleeping          ||     1
Armor: Skin              ||    25
Dodge: Dodged            ||    72
Block: Buckler           ||    17

Table legend: (Time is in decaauts)
 A = Elapsed time spent in this place.
 B = Non-inter-level travel time spent in this place.
 C = Inter-level travel time spent in this place.
 D = Time resting spent in this place.
 E = Time spent auto-exploring this place.
 F = Levels seen in this place.
 G = Mean time per level.
                   A        B        C        D        E       F      G
               +--------+--------+--------+--------+--------+-----+--------+
         Total |   1454 |   1445 |      9 |      0 |   1101 |   2 |  727.0 |
       Dungeon |   1454 |   1445 |      9 |      0 |   1101 |   2 |  727.0 |
               +--------+--------+--------+--------+--------+-----+--------+

Top non-repeatable levels by time:
     D:1: 1425 daAuts
     D:2: 28 daAuts
